 Dungeon Crawl Stone Soup version 0.31-a0-177-g4aa6249778 (webtiles) character file.

Game seed: 6411814338090255247

637 qw the Chopper (level 7, -2/43 HPs)
             Began as a Gargoyle Fighter on June 18, 2023.
             Slain by a gnoll
             ... wielding a +0 halberd
             ... led by a gnoll bouda
              (4 damage)
             ... on level 5 of the Dungeon.
             The game lasted 00:01:38 (2873 turns).

qw the Chopper (Gargoyle Fighter)                   Turns: 2873, Time: 00:01:38

Health: -2/43      AC: 13    Str: 22    XL:     7   Next: 50%
Magic:  7/7        EV:  8    Int:  8    God:
Gold:   141        SH:  4    Dex:  9    Spells: 6/6 levels left

rFire   . . .        Y - +3 war axe (heavy)
rCold   . . .        c - +0 buckler
rNeg    + . .        h - +0 chain mail
rPois   inf          (no helmet)
rElec   +            (no cloak)
rCorr   .            (no gloves)
SInv    .            (no boots)
Will    .....        (no amulet) Stlth
                     (no ring)
HPRegen 0.27/turn    (no ring)
MPRegen 0.10/turn

%: no passive effects
@: about to teleport
A: sickness immunity, AC +4, negative energy resistance 1, electricity
resistance, torment resistance 1, petrification resistance
a: no special abilities


You were on level 5 of the Dungeon.
You visited 1 branch of the dungeon, and saw 5 of its levels.

You collected 141 gold pieces.


Innate Abilities, Weirdness & Mutations

You are immune to sickness and miasma.
Your stone body is resilient. (AC +4)
You are immune to poison.
You resist negative energy. (rN+)
You are resistant to electric shocks. (rElec)
You are resistant to unholy torment.
You are immune to petrification.


   Skills:
 - Level 4.3 Fighting
 + Level 6.7 Axes
 - Level 3.2 Armour
 - Level 1.7 Dodging
 - Level 3.2 Shields


You had 6 spell levels left.
You didn't know any spells.
Your spell library was empty.

Inventory:

Hand Weapons
 k - a +0 morningstar
 l - a +0 flail of holy wrath
 Y - a +3 heavy war axe (weapon)
Missiles
 b - 3 boomerangs
Armour
 c - a +0 buckler (worn)
 h - a +0 chain mail (worn)
Scrolls
 a - a scroll of identify
 i - a scroll of teleportation
Potions
 d - 3 potions of might
 f - a potion of lignification
 g - a potion of resistance
 j - a potion of attraction
 n - a potion of experience {unknown}

Dungeon Overview and Level Annotations

Branches:
Dungeon (5/15)
 Temple: D:4-7

Altars:
Trog

Annotations:
D:4 3 runed translucent doors, qw's ghost, amateur GrHu; qw's ghost, novice NaHu


Message History

A hound comes into view.
You block the orc's attack.
The gnoll bouda barks out a call to the hunt!
Blork the orc hits you with a +0 scimitar!
The gnoll hits you but does no damage.
A gnoll comes into view. It is wielding a +0 halberd.
You hear a shout!
The gnoll shouts!
You hit Blork the orc.
Blork the orc is heavily wounded.
You slash the orc!
You kill the orc!
You hear a shout!
Blork the orc hits you but does no damage.
Blork the orc closely misses you. The gnoll closely misses you.
An orc wizard comes into view. It is wielding a +3 dagger of venom.
Blork the orc points at you and mumbles some strange words.
The puff of flame hits you but does no damage.
The orc wizard shouts!
You slice Blork the orc!!
You kill Blork the orc!
You hear a shout! x4
The gnoll hits you from afar with a +0 halberd!
An orc wizard comes into view. It is wielding a +0 dagger.
The gnoll hits you but does no damage.
The gnoll hits you from afar with a +0 halberd!
The orc wizard gestures wildly while chanting.
The orc wizard flickers and vanishes!
Deactivating autopickup; reactivate with Ctrl-A.
The gnoll bouda barely misses you.
The orc wizard gestures wildly while chanting.
The orc wizard flickers and vanishes!
An orc priest comes into view. It is wielding a +0 mace.
2873 ||| READING 2 scrolls of teleportation.
As you read the scroll of teleportation, it crumbles to dust.
You feel strangely unstable.
A quokka comes into view.
The gnoll hits you from afar with a +0 spear.
The gnoll hits you from afar with a +0 halberd.
You die...

#......)).#
#......).## ##
....#....###.##
....##.##.<...#
.........#.....#
...........#.......
...........#..##...
........?....##. .#
..#.#..g@....... #
. ###..g%.......
#.ogg.......
..g..........
..hg#..........
....#.........$ r{.
.......#..# {o
.##....<#...


You could see a gnoll bouda, a hound, an orc priest, 5 gnolls, an orc and a
quokka (wandering).

Vanquished Creatures
  An ogre (D:4)
  Blork the orc (D:5)
  3 scorpions
  2 orc priests (D:4)
  A jelly (D:4)
  4 orc wizards
  3 adders
  An ufetubus (D:5)
  3 dart slugs
  12 orcs
  8 bats
  6 endoplasms
  2 giant cockroaches
  6 goblins
  5 hobgoblins
  2 jackals (D:2)
  3 quokkas
  6 ball pythons
  2 frilled lizards (D:1)
  6 kobolds
  3 rats
80 creatures vanquished.

Notes
Turn   | Place    | Note
-------+----------+-------------------------------------------
     0 | D:1      | qw the Gargoyle Fighter began the quest for the Orb.
     0 | D:1      | Reached XP level 1. HP: 14/14 MP: 1/1
     0 | D:1      | 0 ||| qw: Version: 0.3-a-5-g6f28e65
     0 | D:1      | 0 ||| qw: Game counter: 559
     0 | D:1      | 0 ||| qw: Always use a shield: true
     0 | D:1      | 0 ||| qw: God list: Okawaru
     0 | D:1      | 0 ||| qw: Allow faded altars: false
     0 | D:1      | 0 ||| qw: Do Orc after D:15 true
     0 | D:1      | 0 ||| qw: Do second Lair branch before Depths: true
     0 | D:1      | 0 ||| qw: Lair rune preference: random
     0 | D:1      | 0 ||| qw: Plans: Normal, Zot:1-4, Slime:5, God:TSO, Crypt,
                  | Tomb, Abyss, Pan, Hells, Win
     0 | D:1      | 0 ||| PLANNING D:1-11
     6 | D:1      | Noticed an anaconda
     6 | D:1      | Noticed a wyvern
     7 | D:1      | Noticed a redback
     7 | D:1      | Noticed a black bear
   158 | D:1      | Reached skill level 2 in Axes
   270 | D:1      | 270 ||| Stepping ~*~*~tactically~*~*~ (stealth).
   287 | D:1      | Reached XP level 2. HP: 18/19 MP: 2/2
   445 | D:1      | 445 ||| Stepping ~*~*~tactically~*~*~ (stealth).
   446 | D:1      | 446 ||| Stepping ~*~*~tactically~*~*~ (stealth).
   545 | D:1      | Reached skill level 3 in Axes
   606 | D:1      | 606 ||| Stepping ~*~*~tactically~*~*~ (stealth).
   616 | D:1      | Reached XP level 3. HP: 20/23 MP: 3/3
   668 | D:1      | Found a faded altar of an unknown god.
   759 | D:1      | 759 ||| UPGRADING to +0 chain mail.
   769 | D:1      | 769 ||| DROPPING +0 scale mail.
   770 | D:1      | 770 ||| READING 3 scrolls labelled HUOTOU YNUMUH.
   771 | D:1      | 771 ||| READING scroll labelled AFAHUSM ESOPP.
   775 | D:1      | 775 ||| READING scroll labelled NUM PIOQOYPRIDA.
   776 | D:1      | 776 ||| READING 2 scrolls of identify.
   776 | D:1      | 776 ||| IDENTIFYING lumpy black potion
   777 | D:1      | 777 ||| DROPPING potion of ambrosia.
  1188 | D:2      | Reached XP level 4. HP: 28/28 MP: 4/4
  1305 | D:2      | 1305 ||| DROPPING +0 whip.
  1427 | D:2      | 1427 ||| READING 2 scrolls labelled POCZUXK ELEDO.
  1428 | D:2      | 1428 ||| READING scroll of enchant weapon.
  1428 | D:2      | 1428 ||| ENCHANTING +1 war axe.
  1429 | D:2      | 1429 ||| READING scroll labelled NOISIF YBRYRE.
  1430 | D:2      | 1430 ||| READING scroll labelled HIOMAS MYP POA.
  1431 | D:2      | 1431 ||| READING 2 scrolls of identify.
  1431 | D:2      | 1431 ||| IDENTIFYING glowing dark potion
  1548 | D:3      | 1548 ||| READING scroll of enchant weapon.
  1548 | D:3      | 1548 ||| ENCHANTING +2 war axe.
  1674 | D:3      | Found a bloodstained altar of Trog.
  1690 | D:3      | Reached skill level 4 in Axes
  1865 | D:3      | 1865 ||| READING scroll labelled BEENEM UNUIPN.
  1866 | D:3      | 1866 ||| READING scroll labelled CAKOBE WAMAMM.
  1949 | D:4      | 1949 ||| Stepping ~*~*~tactically~*~*~ (stealth).
  1972 | D:4      | Noticed a scorpion
  1981 | D:4      | Killed a scorpion
  1982 | D:4      | Reached skill level 5 in Axes
  1982 | D:4      | Reached XP level 5. HP: 26/32 MP: 5/5
  2038 | D:4      | 2038 ||| Stepping ~*~*~tactically~*~*~ (stealth).
  2102 | D:4      | Found a runed translucent gate.
  2102 | D:4      | Found a runed translucent gate.
  2102 | D:4      | Found a runed translucent gate.
  2104 | D:4      | Noticed qw's ghost (novice NaHu)
  2104 | D:4      | Noticed qw's ghost (amateur GrHu)
  2104 | D:4      | Noticed qw's ghost (amateur GrHu)
  2130 | D:4      | Reached XP level 6. HP: 38/38 MP: 6/6
  2225 | D:4      | HP: 9/38 [orc/+0 mace (4)]
  2226 | D:4      | 2226 ||| READING 3 scrolls of teleportation.
  2362 | D:4      | 2362 ||| FLEEEEING.
  2565 | D:4      | 2565 ||| Stepping ~*~*~tactically~*~*~ (hiding).
  2580 | D:4      | Reached skill level 6 in Axes
  2747 | D:4      | Reached skill level 1 in Dodging
  2747 | D:4      | Reached XP level 7. HP: 35/43 MP: 7/7
  2827 | D:4      | 2827 ||| READING scroll labelled LUKANO ALO.
  2828 | D:4      | 2828 ||| READING scroll labelled EPNUXKO ONUEXEX.
  2829 | D:4      | 2829 ||| READING 4 scrolls of identify.
  2829 | D:4      | 2829 ||| IDENTIFYING fuming orange potion
  2830 | D:4      | 2830 ||| READING 3 scrolls of identify.
  2830 | D:4      | 2830 ||| IDENTIFYING lumpy ruby potion
  2831 | D:4      | 2831 ||| READING 2 scrolls of identify.
  2831 | D:4      | 2831 ||| IDENTIFYING orange potion
  2832 | D:4      | 2832 ||| DROPPING potion of degeneration.
  2848 | D:5      | Entered Level 5 of the Dungeon
  2865 | D:5      | Noticed Blork the orc
  2872 | D:5      | Killed Blork the orc
  2872 | D:5      | HP: 5/43 [gnoll/+0 halberd[a gnoll bouda] (11)]
  2873 | D:5      | 2873 ||| READING 2 scrolls of teleportation.
  2873 | D:5      | HP: 2/43 [gnoll/+0 spear[a gnoll bouda] (3)]
  2873 | D:5      | Slain by a gnoll

Levels and vault maps discovered:
D:1:      onia_arrival_zoo_common, layout_basic, ebering_ecumenical_altar_hall,
          serial_curves, eino_curves_03, eino_curves_02, eino_curves_04,
          eino_curves_01, dreamdust_princess_corridor
D:2:      layout_loops_cross
D:3:      layout_rooms, lemuel_crystal_altar
D:4:      layout_basic, gammafunk_ghost_cemetery, chequers_avenue
D:5:      layout_cave_pools, gammafunk_temple_overflow_elements,
          uniq_blork_the_orc, uniq_pikel

Skill      XL: |  1  2  3  4  5  6 |
---------------+-------------------+-----
Axes           | 2 3 5 6 |  6.7
Fighting       | 4 |  4.3
Dodging        | 1 |  1.7
Armour         | |  3.2
Shields        | |  3.2

Action                     |  1- 3 |  4- 6 |  7- 9 || total
---------------------------+-------+-------+-------++-------
  Melee: War axe           |   104 |    91 |    10 ||   205
    Use: Scroll            |     4 |     9 |     6 ||    19
 Armour: Scale mail        |    26 |       |       ||    26
         Chain mail        |    32 |    64 |    14 ||   110
  Dodge: Dodged            |    35 |    38 |     8 ||    81
  Block: Buckler           |    25 |    24 |     2 ||    51

Table legend:
 A = Non-vault XP
 B = Vault XP
 C = Vault XP percentage of total XP
 D = Non-vault monster count
 E = Vault monster count
 F = Vault count percentage of total count
                 A         B        C        D         E       F
            +---------+---------+-------+---------+---------+-------
      Total |     820 |      91 |  10.0 |      79 |       1 |   1.2
            +---------+---------+-------+---------+---------+-------
        D:1 |      34 |       0 |   0.0 |      20 |       0 |   0.0
        D:2 |      53 |       0 |   0.0 |      17 |       0 |   0.0
        D:3 |      15 |       0 |   0.0 |       7 |       0 |   0.0
        D:4 |     576 |       0 |   0.0 |      28 |       0 |   0.0
        D:5 |     142 |      91 |  39.1 |       7 |       1 |  12.5
            +---------+---------+-------+---------+---------+-------
